 Dungeon Crawl Stone Soup version 0.26-a0-976-gd3b5134375 (webtiles) character file.

Game seed: 8230042135475669205

164 Conn the Firebug (level 5, 0/48 HPs)
             Began as an Octopode Fire Elementalist on Dec 5, 2020.
             Was a Follower of Vehumet.
             Slain by a big kobold
             ... wielding the +7 whip "Afodank" {chaos, rC+ rN+}
              (3 damage)
             ... on level 4 of the Dungeon.
             The game lasted 00:08:49 (3108 turns).

Conn the Firebug (Octopode Fire Elementalist)       Turns: 3108, Time: 00:08:50

Health: 0/48       AC: 26    Str:  7    XL:     5   Next: 45%
Magic:  3/9        EV:  2    Int: 24    God:    Vehumet [*.....]
Gold:   212        SH:  0    Dex: 19    Spells: 1/9 levels left

rFire    + . .     SeeInvis .   q - +0 short sword
rCold    + . .     Faith    +   (no shield)
rNeg     + + +     Spirit   .   (helmet currently unavailable)
rPois    +         Reflect  .   t - amulet of faith
rElec    +         Harm     .   j - +6 ring of dexterity
rCorr    +         Rampage  .   r - +6 ring of intelligence
MR       .....     NoTele   +   u - ring of positive energy
Stlth    +++.......             y - +4 ring of protection
HPRegen  0.16/turn              (no ring)
MPRegen  0.11/turn              (no ring)
                                (no ring)
                                (no ring)

@: lethally poisoned (0 -> -1), tree-form, resistant, slowed, lightly drained,
very slow
A: almost no armour, stealthy swim, (amphibious), 8 rings, (constrict 8)
a: Renounce Religion


You were on level 4 of the Dungeon.
You worshipped Vehumet.
Vehumet was aware of your devotion.
You were a tree.
You visited 1 branch of the dungeon, and saw 4 of its levels.

You collected 212 gold pieces.

Inventory:

Hand Weapons
 b - a +0 dagger
 q - a +0 short sword (weapon)
Missiles
 f - 13 poisoned darts
 o - 4 silver boomerangs
 w - 138 stones (quivered)
Jewellery
 j - a +6 ring of dexterity (left branch)
 r - a +6 ring of intelligence (right branch)
 t - an amulet of faith (around neck)
 u - a ring of positive energy (on tentacle)
 y - a +4 ring of protection (on tentacle)
Wands
 k - a wand of polymorph (14)
Scrolls
 a - a scroll of enchant weapon {unknown}
 c - a scroll of teleportation
 d - 3 scrolls of identify {unknown}
 h - a scroll of noise {unknown}
 i - 4 scrolls of fear {unknown}
 l - 2 scrolls of remove curse {unknown}
 m - a scroll of amnesia {unknown}
Potions
 n - a potion of experience {unknown}
 p - a potion of attraction {unknown}
 s - a potion of degeneration {unknown}
 v - a potion of might {unknown}
 x - a potion of curing {unknown}


   Skills:
 + Level 0.4(0.2) Fighting
 + Level 0.4(0.2) Short Blades
 + Level 2.3(2.2) Dodging
 + Level 3.7(3.6) Stealth
 + Level 2.9(2.7) Spellcasting
 + Level 2.0(1.9) Conjurations
 * Level 4.4(4.3) Fire Magic


You had one spell level left.
You knew the following spells:

 Your Spells              Type           Power        Failure   Level
a - Foxfire               Conj/Fire      ###.         3%          1
b - Conjure Flame         Conj/Fire      ###.....     10%         3
c - Inner Flame           Hex/Fire       ##......     14%         3
d - Sandblast             Erth           #.....       11%         1

Your spell library contained the following spells:

 Spells                   Type           Power        Failure   Level
 Sticky Flame             Conj/Fire      ###.....     30%         4
 Fireball                 Conj/Fire      ###.......   65%         5


Dungeon Overview and Level Annotations

Branches:
Dungeon (4/15)
 Temple: D:4-7

Altars:
Cheibriados
Gozag
Makhleb
Nemelex Xobeh
Okawaru
Vehumet
Wu Jian
Zin

Annotations:
D:4 thewurscht's ghost, novice GrFi


Innate Abilities, Weirdness & Mutations

You cannot wear most types of armour.
You are very stealthy in the water. (Stealth+)
((You are amphibious.))
You can wear up to eight rings at the same time.
((You can use your tentacles to constrict eight enemies at once.))
((Your skin changes colour to match your surroundings (Stealth+).))
((Your rubbery body absorbs attacks. (AC +1, EV +1)))


Message History

Here: a big kobold, wielding the +7 whip "Afodank" {chaos, rC+ rN+} (severely wounded)
The floor.
Unknown command.
Unknown command.
Okay, then.
Okay, then.
Evoke which item? (* to show all) (? for menu, Esc to quit)
Okay, then.
Unknown command.
It was a potion of resistance.
You feel protected.
* * * LOW HITPOINT WARNING * * *
You feel sick.
The big kobold hits you with the +7 whip "Afodank" {chaos, rC+ rN+}.
* * * LOW HITPOINT WARNING * * *
You partially resist.
You feel drained.
It was a potion of lignification.
You turn into a tree.
Your roots penetrate the ground.
The big kobold hits you with the +7 whip "Afodank" {chaos, rC+ rN+}.
You die...

#.....)#
#.).K...#####K#
#.######
#.#(K#### #.##
#.# #.#..# #.#
#.#
####.#KK#######.#
#.#
#....#(.K.......#
#.#
#.#####.#########
#.# #.# #.. .. ##
#.# #K# ### #.##.
#.# #♣# #.... #.#
#.# ####. #.# #.#
#. #.# #.# #. #.#
#.# #######. #)#
#.# .......#
#.######.#
#######.
#[.......# #.
#.######## #.


You could see a big kobold.

Vanquished Creatures
  A bullfrog skeleton (D:4)
  Jessica (D:3)
  3 adders (D:3)
  A worm (D:3)
  A dart slug (D:2)
  4 leopard geckos
  5 orcs (D:4)
  6 bats
  3 giant cockroaches
  10 goblins
  5 hobgoblins
  6 jackals
  8 kobolds
  A quokka (D:3)
  A ball python skeleton (D:4)
  3 frilled lizards
  10 rats
69 creatures vanquished.

Vanquished Creatures (others)
  172 foxfires
172 creatures vanquished.

Grand Total: 241 creatures vanquished

Notes
Turn   | Place    | Note
-------+----------+-------------------------------------------
     0 | D:1      | Conn the Octopode Fire Elementalist began the quest for the
                  | Orb.
     0 | D:1      | Reached XP level 1. HP: 11/11 MP: 3/3
   124 | D:1      | Reached XP level 2. HP: 17/17 MP: 0/5
   708 | D:2      | Reached XP level 3. HP: 21/21 MP: 3/6
   912 | D:2      | Found a glowing silver altar of Zin.
   912 | D:2      | Found an opulent altar of Gozag.
   944 | D:2      | Found a snail-covered altar of Cheibriados.
   946 | D:2      | Found an ornate altar of the Wu Jian Council.
   947 | D:2      | Found an iron altar of Okawaru.
  1040 | D:2      | Found a radiant altar of Vehumet.
  1044 | D:2      | Found a burning altar of Makhleb.
  1048 | D:2      | Became a worshipper of Vehumet
  1060 | D:2      | Learned a level 3 spell: Conjure Flame
  1373 | D:3      | Reached XP level 4. HP: 27/27 MP: 3/7
  1592 | D:3      | Found a sparkling altar of Nemelex Xobeh.
  1658 | D:3      | Reached * piety under Vehumet
  1658 | D:3      | Offered knowledge of Sandblast by Vehumet.
  1672 | D:3      | Learned a level 3 spell: Inner Flame
  1674 | D:3      | Learned a level 1 spell: Sandblast
  2331 | D:3      | Noticed Jessica
  2333 | D:3      | Killed Jessica
  2334 | D:3      | Reached skill level 4 in Fire Magic
  2334 | D:3      | Reached XP level 5. HP: 32/32 MP: 9/9
  2952 | D:4      | Found a runed translucent gate.
  2952 | D:4      | Found a runed translucent gate.
  2953 | D:4      | Found a runed translucent gate.
  2953 | D:4      | Identified the +7 whip "Afodank" {chaos, rC+ rN+}
  2953 | D:4      | Noticed a big kobold
  2954 | D:4      | Noticed thewurscht's ghost (novice GrFi)
  2955 | D:4      | Noticed a big kobold
  3108 | D:4      | Slain by a big kobold

Illustrated notes

Levels and vault maps discovered:
D:1:      ncdulo_lavacross, layout_rooms, minmay_misc_feat_nine_boxes
D:2:      layout_rooms, grunt_temple_overflow_open,
          chequers_temple_overflow_minitemple
D:3:      layout_basic, nicolae_overflow_crystal_walls, st_stairs_12,
          minmay_statues_item, uniq_jessica
D:4:      layout_loops_ring, gammafunk_ghost_nasty_kobolds

Skill      XL: |  1  2  3  4  5 |
---------------+----------------+-----
Stealth        | 3 |  3.7
Fire Magic     | 4 |  4.4
Conjurations   | 2 |  2.0
Fighting       | |  0.4
Short Blades   | |  0.4
Dodging        | |  2.3
Spellcasting   | |  2.9

Action                   |  1- 3 |  4- 6 || total
-------------------------+-------+-------++-------
Melee: Dagger            |    13 |       ||    13
       Constrict         |     7 |     4 ||    11
       Tentacles         |     5 |     2 ||     7
       Short sword       |     4 |    14 ||    18
 Cast: Foxfire           |    49 |    50 ||    99
       Conjure Flame     |       |     2 ||     2
       Sandblast         |       |     1 ||     1
       Inner Flame       |       |     1 ||     1
  Use: Potion            |       |     3 ||     3
       Scroll            |       |     2 ||     2
 Stab: Sleeping          |     2 |     2 ||     4
Armor: Skin              |     5 |    11 ||    16
Dodge: Dodged            |    22 |    25 ||    47

Table legend: (Time is in decaauts)
 A = Elapsed time spent in this place.
 B = Non-inter-level travel time spent in this place.
 C = Inter-level travel time spent in this place.
 D = Time resting spent in this place.
 E = Time spent auto-exploring this place.
 F = Levels seen in this place.
 G = Mean time per level.
                   A        B        C        D        E       F      G
               +--------+--------+--------+--------+--------+-----+--------+
         Total |   3109 |   3034 |     75 |    263 |   1910 |   4 |  777.2 |
       Dungeon |   3109 |   3034 |     75 |    263 |   1910 |   4 |  777.2 |
               +--------+--------+--------+--------+--------+-----+--------+

Top non-repeatable levels by time:
     D:3: 1297 daAuts
     D:4: 702 daAuts
     D:2: 578 daAuts
     D:1: 530 daAuts
